 Dungeon Crawl Stone Soup version 0.30-a0-718-geaa24f58ff (webtiles) character file.

Game seed: 6963989348314634938

39909 Fenrisus the Grappler (level 13, -1/135 HPs)
             Began as a Troll Fighter on Jan 25, 2023.
             Was the Champion of Ru.
             Succumbed to a black mamba's poison
             ... on level 1 of the Snake Pit.
             The game lasted 00:59:59 (16014 turns).

Fenrisus the Grappler (Troll Fighter)              Turns: 16014, Time: 01:00:00

Health: -1/135     AC:  6    Str: 35    XL:     13   Next: 71%
Magic:  12/12      EV: 12    Int:  4    God:    Ru [******]
Gold:   748        SH: 20    Dex: 11    Spells: 12/12 levels left

rFire   + . .      SeeInvis .      - Unarmed
rCold   . . .      Faith    .    b - +0 kite shield
rNeg    . . .      Spirit   .    z - +0 troll leather armour
rPois   .          Reflect  +    (helmet restricted)
rElec   .          Harm     .    c - scarf {+Inv}
rCorr   .          Rampage  .    (gloves unavailable)
Will    .....                    (boots unavailable) Stlth
                                 l - amulet of reflection
HPRegen 2.02/turn                d - +6 ring of strength
MPRegen 0.13/turn                e - ring of protection from fire

@: lethally poisoned (-1 -> -5), unable to read, unable to drink
A: large, unfitting armour, claws 3, regeneration 1, shaggy fur 1, tough skin 1,
inability to drink after injury 2, no stealth, inability to use devices, hated
by all, no earth magic, no translocations magic, no transmutations magic,
disrupted magic 1, antennae 1, large bone plates 1, inability to read after
injury 1
a: Renounce Religion, Draw Out Power, Power Leap, Apocalypse


You were on level 1 of the Snake Pit.
You worshipped Ru.
Ru was exalted by your worship.
You visited 4 branches of the dungeon, and saw 16 of its levels.
You also visited: Sewer.

You collected 858 gold pieces.
You spent 110 gold pieces at shops.

Inventory:

Missiles
 o - a throwing net (quivered)
Armour
 b - a +0 kite shield (worn)
 c - a scarf of invisibility (worn)
 t - the +1 scale mail of Creativity {rN+ Int+4 Dex+3}
   (You found it on level 2 of the Lair of Beasts)

   Int:       It affects your intelligence (+4).
   Dex:       It affects your dexterity (+3).
   rN:        It protects you from negative energy.
 v - +0 steam dragon scales
 z - a +0 troll leather armour (worn)
Jewellery
 d - a +6 ring of strength (left claw)
 e - a ring of protection from fire (right claw)
 i - a ring of ice
 l - an amulet of reflection (around neck)
 p - a ring of wizardry
 y - a ring of positive energy
Wands
 g - a wand of flame (38)
 n - a wand of iceblast (23)
 u - a wand of paralysis (10)
 E - a wand of mindburst (5)
Scrolls
 h - 5 scrolls of fog
 k - a scroll of fear
 s - a scroll of enchant weapon
 w - 7 scrolls of teleportation
 x - a scroll of summoning
 B - a scroll of poison
 C - a scroll of amnesia
 F - a scroll of magic mapping
Potions
 a - 2 potions of curing
 f - 5 potions of heal wounds
 j - 2 potions of attraction
 q - 2 potions of haste
 r - 3 potions of flight
 A - a potion of brilliance
 D - a potion of mutation
Miscellaneous
 m - a phantom mirror


   Skills:
 + Level 10.7 Fighting
 + Level 10.6 Dodging
 + Level 10.6 Shields
 + Level 12.4 Unarmed Combat


You had 12 spell levels left.
You didn't know any spells.
Your spell library contained the following spells:

 Spells                   Type           Power      Damage    Failure   Level
 Shock                    Conj/Air       0%         1d3       82%         1
 Poisonous Vapours        Pois/Air       0%         N/A       90%         2
 Inner Flame              Hex/Fire       0%         N/A       99%         3
 Swiftness                Air            0%         N/A       99%         3
 Airstrike                Air            0%         2d(0-16)  100%        4
 Cause Fear               Hex            0%         N/A       100%        4
 Flame Wave               Conj/Fire      0%         2d4       100%        4
 Fulminant Prism          Conj/Hex       0%         3d5       100%        4
 Olgreb's Toxic Radiance  Pois           0%         N/A       100%        4
 Sticky Flame             Conj/Fire      0%         2d3       100%        4
 Ignition                 Fire           0%         3d3       100%        8
 Sting                    Tmut/Pois      Unusable   1d3       N/A         1
 Ignite Poison            Fire/Tmut/Pois Unusable   N/A       N/A         3
 Portal Projectile        Hex/Tloc       Unusable   N/A       N/A         3
 Stone Arrow              Conj/Erth      Unusable   3d7       N/A         3
 Tukima's Dance           Hex            Unusable   N/A       N/A         3
 Animate Dead             Necr           Unusable   N/A       N/A         4
 Blade Hands              Tmut           Unusable   N/A       N/A         5
 Borgnjor's Vile Clutch   Necr/Erth      Unusable   N/A       N/A         5
 Death Channel            Necr           Unusable   N/A       N/A         6
 Shatter                  Erth           Unusable   3d5*      N/A         9

Dungeon Overview and Level Annotations

Branches:
Dungeon (11/15)            Temple (1/1) D:5            Lair (3/5) D:10
  Swamp (0/4) Lair:2        Snake (1/4) Lair:3        Sewer (visited)
    Orc: D:9-12

Altars:
Ashenzari
Cheibriados
Dithmenos
Elyvilon
Gozag
Kikubaaqudgha
Makhleb
Nemelex Xobeh
Okawaru
Qazlal
Ru
Sif Muna
Trog
Uskayaw
Vehumet
Wu Jian
Xom
Zin
The Shining One
Lugonu

Shops:
D:2 :   D:4 *   D:5 [   D:11 =[

Portals:
Abyss: D:10

Annotations:
Lair:1 1 runed translucent door, Puas's ghost, journeyman GrBe


Innate Abilities, Weirdness & Mutations

You are too large for most types of armour.
You have claws for hands.
Your natural rate of healing is unusually fast.
You are covered in fur. (AC +1)
You have tough skin. (AC +1)
You sometimes lose the ability to drink potions when taking damage.
You cannot be stealthy.
You cannot study or use magical devices.
You are hated by all.
You cannot study or cast Earth magic.
You cannot study or cast Translocations magic.
You cannot study or cast Transmutations magic.
Your casting is slightly disrupted.
You have a pair of small antennae on your head.
You are partially covered in large bone plates. (SH +4)
You occasionally lose the ability to read scrolls when taking damage.


Message History

You focus your inner power and illuminate the shock serpent in retribution!
The black mamba closely misses you. The shock serpent bites you.
The shock serpent shocks you!
You feel threatened and lose the ability to drink potions!
You barely miss the black mamba.
The shock serpent stops glowing.
You block the black mamba's attack.
The shock serpent bites you but does no damage.
The black mamba bites you!
You claw the black mamba!
The black mamba is lightly wounded.
You block the shock serpent's attack. You block the black mamba's attack.
You closely miss the black mamba.
The black mamba is lightly wounded.
You block the black mamba's attack. You block the shock serpent's attack.
The black mamba bites you!
You are poisoned.
The black mamba poisons you!
You focus your inner power and illuminate the black mamba in retribution!
You redirect the shock serpent's attack!
You block the shock serpent's attack.
You are too injured to fight recklessly!
You are too injured to fight recklessly!
You barely miss the black mamba.
The black mamba is lightly wounded.
You feel very sick. You block the black mamba's attack.
The shock serpent bites you! The shock serpent shocks you!
* * * LOW HITPOINT WARNING * * *
You mangle the black mamba!!
The black mamba is almost dead.
You feel very sick. You block the black mamba's attack.
The shock serpent shoots out a bolt of lightning at you!
The bolt of electricity hits you!!
You feel threatened and lose the ability to read scrolls!
* * * LOW HITPOINT WARNING * * *
You block the black mamba's attack.
You mangle the black mamba!!
You kill the black mamba!
You die...

*,,,,, *,**** *,* *,* *#####
*,* *....# *,**** *....#
*,,,,,
#######†...#***********
#.....@†...+,,,,,,,,,,,
#.#####S...#**,****,*,* #.#
**#...# *,* *,*,, #.#
**,,...# *,* *,**,
#.#**,,,,..# *,****,**,
#.#*,,,,*### *,*,,,,***
#.#*,⌠,*********##*** *
#.#*,,,,,,,,,,,,.## *
#########)###,,,,,,⌠,,,,..##


You could see a shock serpent.

Vanquished Creatures
  3 boulder beetles
  2 two-headed ogres (D:9)
  2 naga warriors (Snake:1)
  3 shock serpents (Snake:1)
  2 naga sharpshooters (Snake:1)
  Sonja (Lair:3)
  A mana viper (Snake:1)
  An oklob plant (Lair:1)
  7 elephants
  A will-o-the-wisp (Lair:1)
  2 black mambas (Snake:1)
  A naga mage (Snake:1)
  8 komodo dragons
  5 cane toads
  3 rime drakes
  2 trolls (D:10)
  7 blink frogs (Lair:2)
  23 yaks
  A vampire (D:9)
  Sigmund (D:3)
  5 wyverns
  3 vampire mosquitoes
  2 steam dragons (D:8)
  8 nagas
  7 water moccasins
  Duvessa (D:6)
  9 ice beasts
  An orc warrior (D:8)
  2 ogres
  A black bear (D:5)
  16 wolves
  A phantom (D:5)
  5 centaurs
  4 kobold brigands
  8 bullfrogs
  3 gnoll sergeants
  2 necrophages
  8 scorpions
  5 wights (D:9)
  Dowan (D:6)
  8 killer bees
  7 electric eels
  5 howler monkeys
  3 hounds
  2 jellies (D:5)
  An orc priest (D:3)
  2 gnoll boudas
  5 iguanas
  Natasha (thrice) (D:3)
  4 orc wizards
  7 hell rats (Lair:2)
  16 gnolls
  17 adders
  6 river rats (Sewer)
  4 shadow imps
  2 white imps
  3 worms
  3 dart slugs
  23 orcs
  6 bats
  16 endoplasms
  4 giant cockroaches
  13 goblins
  9 hobgoblins
  11 jackals
  9 quokkas
  9 ball pythons
  8 frilled lizards
  31 kobolds
  13 rats
  A bush (Lair:1)
  A lurking horror (D:10)
420 creatures vanquished.

Vanquished Creatures (collateral kills)
  A two-headed ogre (D:5)
  A hound (D:5)
  An orc (D:5)
3 creatures vanquished.

Vanquished Creatures (others)
  An anaconda (Snake:1)
  A wolf (Lair:2)
  2 gnolls (D:8)
  An orc (D:8)
  6 foxfires
  9 fungi
  59 plants
  2 withered plants (Lair:1)
81 creatures vanquished.

Grand Total: 504 creatures vanquished

Notes
Turn   | Place    | Note
-------+----------+-------------------------------------------
     0 | D:1      | Fenrisus the Troll Fighter began the quest for the Orb.
     0 | D:1      | Reached XP level 1. HP: 22/22 MP: 0/0
   130 | D:1      | Reached XP level 2. HP: 29/29 MP: 1/1
   463 | D:1      | Reached XP level 3. HP: 36/36 MP: 2/2
  1073 | D:2      | Found Biolegh's Book Boutique.
  1395 | D:3      | Reached XP level 4. HP: 27/45 MP: 3/3
  1620 | D:3      | Reached skill level 3 in Unarmed Combat
  1713 | D:3      | Found a stormy altar of Qazlal.
  1714 | D:3      | Noticed an air elemental
  1715 | D:3      | Noticed a water elemental
  1716 | D:3      | Noticed an earth elemental
  1716 | D:3      | Noticed a fire elemental
  1835 | D:3      | Found a sacrificial altar of Ru.
  1854 | D:3      | Became a worshipper of Ru the Awakened
  1909 | D:3      | Found a faded altar of an unknown god.
  1945 | D:3      | Noticed Sigmund
  1963 | D:3      | Reached XP level 5. HP: 34/50 MP: 4/4
  1973 | D:3      | Killed Sigmund
  1974 | D:3      | Reached XP level 6. HP: 9/61 MP: 5/5
  2035 | D:3      | Found a glowing silver altar of Zin.
  2185 | D:3      | Noticed Natasha
  2196 | D:3      | Killed Natasha
  2260 | D:3      | Noticed Natasha
  2270 | D:3      | Killed Natasha
  2710 | D:3      | Noticed Natasha
  2716 | D:3      | Killed Natasha
  2868 | D:4      | Reached skill level 4 in Unarmed Combat
  2868 | D:4      | Reached XP level 7. HP: 55/68 MP: 6/6
  2967 | D:4      | Found Erriecee's Assorted Antiques.
  3021 | D:4      | Bought a scroll of identify for 44 gold pieces
  3021 | D:4      | Bought a scroll of identify for 44 gold pieces
  3021 | D:4      | Bought a scroll labelled TOUXOS JAAC for 22 gold pieces
  3159 | D:4      | Gained mutation: You cannot be stealthy. [Ru sacrifice]
  3566 | D:4      | Reached XP level 8. HP: 78/79 MP: 7/7
  3767 | D:5      | Entered Level 5 of the Dungeon
  3767 | D:5      | Found Kug Ugun's Antique Armour Emporium.
  3776 | D:5      | Reached skill level 5 in Shields
  3845 | D:5      | Reached skill level 5 in Unarmed Combat
  3993 | D:5      | Noticed a two-headed ogre
  4007 | D:5      | Killed a two-headed ogre
  4008 | D:5      | Reached skill level 5 in Fighting
  4008 | D:5      | Reached skill level 5 in Dodging
  4008 | D:5      | Reached skill level 6 in Unarmed Combat
  4086 | D:5      | Found a staircase to the Ecumenical Temple.
  4096 | Temple   | Entered the Ecumenical Temple
  4691 | D:5      | Reached XP level 9. HP: 88/88 MP: 8/8
  6394 | D:6      | Found a glowing drain.
  6398 | Sewer    | Entered a sewer
  6542 | Sewer    | Gained mutation: You cannot study or use magical devices.
                  | [Ru sacrifice]
  6542 | Sewer    | Reached * piety under Ru
  6542 | Sewer    | Reached ** piety under Ru
  6542 | Sewer    | Reached *** piety under Ru
  7234 | D:6      | Noticed Duvessa
  7235 | D:6      | Noticed Dowan
  7241 | D:6      | Killed Duvessa
  7250 | D:6      | Killed Dowan
  7428 | D:6      | Reached skill level 7 in Unarmed Combat
  7719 | D:7      | Found an iron altar of Okawaru.
  8126 | D:7      | Reached XP level 10. HP: 100/100 MP: 9/9
  8359 | D:8      | Found a shimmering blue altar of Sif Muna.
  8406 | D:8      | Got the Collected Works on Ironbound Bewitchment
  8440 | D:8      | Gained mutation: You occasionally lose the ability to drink
                  | potions when taking damage. [Ru sacrifice]
  8440 | D:8      | Gained mutation: You sometimes lose the ability to drink
                  | potions when taking damage. [Ru sacrifice]
  8440 | D:8      | Reached **** piety under Ru
  8859 | D:8      | Found a burning altar of Makhleb.
  8860 | D:8      | Found a radiant altar of Vehumet.
  9012 | D:9      | Reached skill level 8 in Unarmed Combat
  9112 | D:9      | Gained mutation: You have an increased reservoir of magic.
                  | (+10% MP) [potion of mutation]
  9112 | D:9      | Gained mutation: You have a somewhat thin skeletal
                  | structure. (Dex +2, Stealth+) [potion of mutation]
  9113 | D:9      | Lost mutation: You have a somewhat thin skeletal structure.
                  | (Dex +2, Stealth+) [potion of mutation]
  9113 | D:9      | Lost mutation: You have an increased reservoir of magic.
                  | (+10% MP) [potion of mutation]
  9113 | D:9      | Gained mutation: You occasionally lose the ability to read
                  | scrolls when taking damage. [potion of mutation]
  9113 | D:9      | Gained mutation: You have a pair of small antennae on your
                  | head. [potion of mutation]
  9113 | D:9      | Gained mutation: You are partially covered in large bone
                  | plates. (SH +4) [potion of mutation]
  9424 | D:9      | Noticed a two-headed ogre
  9431 | D:9      | Killed a two-headed ogre
  9864 | D:9      | Noticed a two-headed ogre
  9872 | D:9      | Killed a two-headed ogre
 10183 | D:10     | Entered Level 10 of the Dungeon
 10224 | D:10     | Found a one-way gate to the infinite horrors of the Abyss.
 10282 | D:10     | Found a corrupted altar of Lugonu.
 10569 | D:10     | Reached XP level 11. HP: 110/110 MP: 10/10
 10811 | D:10     | Found a shadowy altar of Dithmenos.
 10896 | D:10     | Reached skill level 9 in Unarmed Combat
 11013 | D:10     | Found a staircase to the Lair.
 11059 | D:10     | Gained mutation: You are hated by all. [Ru sacrifice]
 11059 | D:10     | Reached ***** piety under Ru
 11841 | D:11     | Found Qafries's Jewellery Shop.
 11860 | D:11     | Found Lybugoy's Antique Armour Shop.
 11940 | D:10     | Reached skill level 10 in Unarmed Combat
 11940 | D:10     | Reached XP level 12. HP: 123/123 MP: 11/11
 11961 | D:11     | Noticed a boulder beetle
 12217 | D:10     | Killed a boulder beetle
 12290 | D:11     | Noticed a boulder beetle
 12330 | D:11     | Killed a boulder beetle
 12446 | Lair:1   | Entered Level 1 of the Lair of Beasts
 12595 | Lair:1   | Found a runed translucent door.
 12600 | Lair:1   | Noticed Puas's ghost (journeyman GrBe)
 12859 | Lair:1   | Reached skill level 11 in Unarmed Combat
 13626 | Lair:1   | Gained mutation: You cannot study or cast Earth magic. [Ru
                  | sacrifice]
 13626 | Lair:1   | Gained mutation: You cannot study or cast Transmutations
                  | magic. [Ru sacrifice]
 13626 | Lair:1   | Gained mutation: You cannot study or cast Translocations
                  | magic. [Ru sacrifice]
 14147 | Lair:2   | Found a staircase to the Swamp.
 14217 | Lair:2   | Identified the +1 scale mail of Creativity {rN+ Int+4
                  | Dex+3}
 14243 | Lair:2   | Reached XP level 13. HP: 128/133 MP: 12/12
 14281 | Lair:2   | Reached skill level 10 in Fighting
 14448 | Lair:2   | Reached skill level 10 in Dodging
 14636 | Lair:2   | Reached skill level 10 in Shields
 15132 | Lair:3   | Noticed Sonja
 15152 | Lair:3   | Killed Sonja
 15271 | Lair:3   | Reached skill level 12 in Unarmed Combat
 15282 | Lair:3   | Found a staircase to the Snake Pit.
 15527 | Snake:1  | Entered Level 1 of the Snake Pit
 15645 | Snake:1  | Gained mutation: Your casting is slightly disrupted. [Ru
                  | sacrifice]
 15645 | Snake:1  | Reached ****** piety under Ru
 16013 | Snake:1  | HP: 1/135 [shock serpent/bolt of electricity (23)]
 16014 | Snake:1  | Succumbed to a black mamba's poison

Illustrated notes

Levels and vault maps discovered:
D:1:      saegor_arrival_fortress, layout_loops_ring, st_stairs_11,
          corexii_item_surrounded_by_moat, minmay_misc_feat_x,
          amcnicky_mini_corridor_feature, kennysheep_crisscross, moated_statue
D:2:      layout_rooms, serial_shops, shop
D:3:      layout_loops_corners, mainiacjoe_overflow_brackets,
          nicolae_qazlal_style_of_elements, nicolae_ru_awakened_eye,
          basic_ecumenical_altar, nicolae_half_adder, uniq_sigmund, uniq_natasha
D:4:      cheibrodos_barr_body, layout_gridville, serial_shops,
          nicolae_inconvenience_store, nrook_mini_vaults
D:5:      minmay_chambers_of_threes, layout_basic, minmay_temple_entry_trees,
          nicolae_stop_n_shop_2
D:6:      layout_basic, gup_sewer_entry_spiral, kennysheep_generic_room_3,
          uniq_duvessa
D:7:      corexii_shack_village, layout_loops_ring, okawaru_gym_becter
D:8:      layout_cave_pools, grunt_temple_overflow_lords_of_destruction,
          mainiacjoe_overflow_six_doors_small, minmay_splitting_lines,
          fungi_pond_lemuel
D:9:      layout_cave_pods, kennysheep_boxes
D:10:     layout_layer_cave, grunt_dithmenos_smoke_and_mirrors,
          hellmonk_lair_entry_icy, amcnicky_altar_lugonu_corruption
D:11:     layout_long_grid, david_orc_4, serial_shops, shop,
          nicolae_shop_advertising_works [nicolae_subvault_shop_adworks],
          kennysheep_mini_moat
Temple:   eino_narrow_crystal_temple
Lair:1:   layout_layer_cave, gammafunk_ghost_grave, minmay_lair_oklob_items
Lair:2:   layout_loops_ring, minmay_swamp_entry_wisps
Lair:3:   layout_misc_corridors, guppyfry_snake_entry_island, basic_altar,
          serial_bayou, serial_bayou_lagoon_a, serial_bayou_pond_d,
          serial_bayou_shore_b, serial_bayou_crossing, serial_bayou_pond_b,
          serial_bayou_lake_a, uniq_sonja
Snake:1:  layout_basic, grunt_megastairs_2, nicolae_triple_integral, uniq_aizul

Skill      XL: |  1  2  3  4  5  6  7  8  9 10 11 12 13 |
---------------+----------------------------------------+-----
Shields        | 3 4 5 7 8 9 10 | 10.6
Fighting       | 3 4 5 6 7 9 10 | 10.7
Dodging        | 3 4 5 6 7 9 10 | 10.6
Unarmed Combat | 3 4 6 7 8 10 11 12 | 12.4

Action                     |  1- 3 |  4- 6 |  7- 9 | 10-12 | 13-15 || total
---------------------------+-------+-------+-------+-------+-------++-------
  Melee: Unarmed           |   107 |   136 |   393 |   477 |   274 ||  1387
 Invoke: Sacrifice Stealth |       |       |     1 |       |       ||     1
         Sacrifice Artific |       |       |     1 |       |       ||     1
         Sacrifice Drink   |       |       |       |     1 |       ||     1
         Power Leap        |       |       |       |     1 |       ||     1
         Sacrifice Love    |       |       |       |     1 |       ||     1
         Sacrifice Arcana  |       |       |       |     1 |       ||     1
         Sacrifice Essence |       |       |       |       |     1 ||     1
  Evoke: Wand              |       |       |     5 |       |       ||     5
    Use: Scroll            |     4 |       |    11 |     6 |     2 ||    23
         Potion            |       |     3 |     1 |    10 |     1 ||    15
   Stab: Sleeping          |     1 |       |       |       |       ||     1
         Invisible         |       |       |       |     4 |     4 ||     8
         Distracted        |       |       |       |     2 |       ||     2
 Armour: Robe              |    34 |    41 |    53 |    10 |       ||   138
         Steam dragon scal |       |       |       |    33 |       ||    33
         Troll leather arm |       |       |       |    19 |    12 ||    31
  Dodge: Dodged            |    23 |    39 |   119 |   109 |    56 ||   346
  Block: Kite shield       |    32 |    44 |   182 |   400 |   203 ||   861
         Reflection        |       |       |     4 |     4 |     9 ||    17

Table legend: (Time is in decaauts)
 A = Elapsed time spent in this place.
 B = Non-inter-level travel time spent in this place.
 C = Inter-level travel time spent in this place.
 D = Time resting spent in this place.
 E = Time spent auto-exploring this place.
 F = Levels seen in this place.
 G = Mean time per level.
                   A        B        C        D        E       F      G
               +--------+--------+--------+--------+--------+-----+--------+
         Total |  15953 |  10510 |   5443 |   1636 |   5763 |  17 |  938.4 |
       Dungeon |  11511 |   7234 |   4277 |   1286 |   4115 |  11 | 1046.5 |
        Temple |    216 |    201 |     15 |      0 |    194 |   1 |  216.0 |
          Lair |   3022 |   2019 |   1003 |    176 |   1212 |   3 | 1007.3 |
     Snake Pit |    475 |    327 |    148 |    167 |      0 |   1 |  475.0 |
         Sewer |    726 |    726 |      0 |      7 |    242 |   1 |  726.0 |
               +--------+--------+--------+--------+--------+-----+--------+

Top non-repeatable levels by time:
     D:5: 1999 daAuts
    D:10: 1794 daAuts
  Lair:1: 1581 daAuts
     D:3: 1361 daAuts
     D:9: 1229 daAuts
     D:4: 1048 daAuts
     D:1: 993 daAuts
     D:6: 910 daAuts
  Lair:2: 828 daAuts
   Sewer: 726 daAuts
     D:7: 704 daAuts
     D:8: 620 daAuts
  Lair:3: 612 daAuts
 Snake:1: 475 daAuts
    D:11: 464 daAuts
